Map: Efflorescence LE

Players

StinkPickle

  • Race: Protoss Protoss
  • League: Platinum
  • Spawn Location: 6:00

Clamjammer

  • Race: Terran Terran
  • League: Platinum
  • Spawn Location: 9:00

Throwfordays - Winner!

  • Race: Protoss Protoss
  • League: Silver
  • Spawn Location: 3:00

Faust - Winner!

  • Race: Zerg Zerg
  • League: Diamond
  • Spawn Location: 12:00

VOD

Have the link to the VOD?

Description

Time

  • Played on: Feb. 10, 2019, 12:01 a.m.
  • Length: 18:16
Show
View Real Time Build Order
Export as new Build Order

StinkPickle Protoss 

Build Orders:  

Get SALT Encoding   

  12  0:01  Probe  
  13  0:15  Pylon  
  13  0:32  Probe  
  14  0:37  Gateway  
  14  0:44  Probe  
  15  0:53  Assimilator  
  15  0:56  Probe  
  16  1:00  Assimilator  
  16  1:14  Probe  
  17  1:20  Pylon  
  17  1:25  Probe  
  17  1:29  Cybernetics Core  
  18  1:33  Probe  
  19  1:48  Zealot  
  19  1:49  Gateway  
  19  1:52  Probe  
  22  2:04  Probe  
  23  2:16  Probe  
  26  2:23  Adept  
  26  2:40  Adept  
  28  2:53  Adept  
  28  2:56  Pylon  
  30  3:14  Adept  
  30  3:18  Forge  
  32  3:23  Pylon  
  32  3:26  Probe  
  33  3:28  Stargate  
  33  3:29  Stargate  
  33  3:39  Probe  
  34  3:44  Adept  
  35  4:04  Phoenix  
  35  4:05  Phoenix  
  39  4:23  Adept  
  41  4:27  Phoenix  
  41  4:28  Phoenix  
  45  5:00  Phoenix  
  47  5:23  Nexus  
  47  5:30  Pylon  
  47  5:48  Phoenix, Probe  
  50  5:50  Protoss Shields Level 1  
  50  6:00  Probe  
  50  6:02  Robotics Facility  
  50  6:03  Pylon  
  51  6:05  Pylon  
  51  6:09  Probe  
  51  6:17  Probe  
  52  6:24  Phoenix  
  55  6:26  Phoenix  
  55  6:27  Probe  
  58  6:37  Pylon  
  58  6:39  Probe  
  59  6:40  Probe  
  60  6:55  Phoenix x2  
  64  7:06  Probe x2  
  66  7:18  Probe x2  
  68  7:30  Probe x2  
  50  9:08  Void Ray x2  
  56  9:10  Zealot  
  56  9:11  Zealot  
  60  9:17  Probe x2  
  60  9:23  Immortal  
  66  9:37  Zealot  
  66  9:38  Zealot  
  70  9:49  Probe  
  70  9:52  Phoenix  
  73  9:54  Phoenix  
  73  9:58  Robotics Bay  
  75  10:03  Gateway  
  75  10:04  Assimilator  
  75  10:05  Gateway  
  75  10:06  Zealot x2  
  79  10:08  Assimilator, Gateway  
  79  10:10  Pylon  
  79  10:13  Pylon, Probe  
  79  10:14  Probe  
  81  10:15  Pylon, Immortal  
  81  10:17  Pylon, Void Ray  
  81  10:18  Pylon  
  89  10:33  Zealot  
  89  10:34  Zealot  
  93  10:35  Void Ray  
  93  10:37  Probe  
  93  10:38  Probe  
  99  10:49  Colossus  
  99  11:00  Zealot  
  99  11:01  Zealot  
  109  11:07  Pylon, Phoenix  
  109  11:09  Nexus  
  111  11:27  Zealot  
  111  11:28  Zealot  
  115  11:35  Colossus  
  115  11:39  Void Ray  
  125  11:48  Probe x2  
  125  11:52  Extended Thermal Lance  
  127  11:54  Zealot  
  127  11:55  Zealot  
  127  12:00  Probe x2  
  133  12:06  Void Ray  
  137  12:12  Probe  
  137  12:13  Probe  
  139  12:16  Zealot  
  139  12:20  Zealot x2  
  139  12:21  Zealot  
  139  12:22  Zealot  
  149  12:24  Probe  
  149  12:25  Probe x2  
  152  12:37  Probe x3  
  154  12:43  Zealot  
  157  12:50  Probe x2  
  157  12:51  Probe  
  132  13:02  Probe x2  
  132  13:03  Probe  
  125  13:14  Probe x2  
  125  13:15  Probe  
  110  13:22  Void Ray  
  110  13:23  Void Ray  
  110  13:26  Probe  
  113  13:44  Pylon  
  113  13:45  Pylon  
  113  13:49  Assimilator  
  113  13:50  Pylon  
  113  13:53  Nexus  
  113  13:54  Assimilator  
  113  13:55  Probe  
  114  13:57  Pylon  
  114  14:00  Probe x2  
  114  14:01  Pylon  
  116  14:03  Protoss Ground Weapons Level 1  
  116  14:05  Colossus  
  116  14:19  Void Ray x2  
  124  14:25  Zealot  
  124  14:26  Zealot x4  
  134  14:38  Fleet Beacon  
  134  14:40  Stargate  
  134  14:50  Immortal  
  134  14:53  Zealot x4  
  134  14:54  Twilight Council  
  134  14:59  Void Ray  
  146  15:04  Void Ray  
  142  15:29  Colossus  
  142  15:33  Void Ray  
  134  16:11  Probe x2  
  136  16:12  Probe  
  136  16:13  Probe  
  138  16:23  Probe x2  
  138  16:24  Probe  
  138  16:25  Probe  
  142  16:35  Probe x2  
  88  17:06  Carrier  
  94  17:09  Probe x3  
  103  17:22  Zealot x3  
  109  17:23  Zealot x2  
  111  17:36  Probe x2  
  110  17:37  Probe  
  96  17:58  Pylon  
  96  18:01  Pylon  
  96  18:03  Pylon  
Show
View Real Time Build Order
Export as new Build Order

Clamjammer Terran 

Build Orders: Reaper Expand, Mech 

Get SALT Encoding   

  12  0:01  SCV  
  13  0:13  SCV  
  14  0:18  Supply Depot  
  14  0:25  SCV  
  15  0:40  SCV, Barracks  
  16  0:52  SCV, Supply Depot  
  17  1:04  Refinery, SCV  
  17  1:08  Refinery  
  18  1:22  SCV  
  19  1:36  Orbital Command  
  19  1:42  Reaper  
  20  2:02  Command Center  
  20  2:03  SCV  
  21  2:17  Factory  
  21  2:22  Barracks Tech Lab  
  21  2:26  Engineering Bay  
  21  2:53  SCV  
  22  3:05  SCV  
  23  3:12  Starport  
  23  3:16  Missile Turret  
  23  3:17  SCV  
  23  3:19  Barracks Reactor, Siege Tank  
  27  3:29  SCV  
  28  3:41  SCV  
  24  4:18  Factory  
  23  4:39  Hellion  
  23  4:40  SCV  
  23  4:42  Medivac  
  28  4:52  SCV  
  29  4:55  Supply Depot  
  29  5:01  Hellion  
  29  5:04  SCV  
  32  5:09  Hellion  
  32  5:10  Hellion  
  36  5:16  SCV  
  37  5:29  SCV  
  37  5:31  Hellion x2  
  37  5:34  Planetary Fortress  
  42  5:49  Factory  
  42  5:57  Siege Tank  
  45  6:07  Armory  
  45  6:13  Supply Depot  
  45  6:14  Barracks Tech Lab  
  45  6:18  SCV  
  46  6:21  SCV  
  47  6:42  Supply Depot  
  50  6:47  Siege Tank  
  50  6:48  SCV  
  50  6:49  SCV  
  50  6:51  Refinery  
  50  6:52  Refinery  
  52  6:54  Missile Turret  
  52  6:58  Medivac  
  52  7:00  SCV  
  55  7:02  Terran Vehicle Weapons Level 1  
  55  7:10  Barracks Tech Lab  
  55  7:11  Missile Turret  
  55  7:15  SCV x2  
  57  7:27  SCV x2  
  57  7:29  Hellion x2  
  63  7:32  Thor  
  69  8:01  Siege Tank  
  66  8:14  Hellbat  
  66  8:15  Hellbat  
  70  8:46  Hellbat x2  
  70  8:53  Siege Tank  
  70  8:54  Siege Tank  
  51  9:07  Hellbat  
  51  9:08  Hellbat  
  51  9:09  Supply Depot  
  55  9:25  Thor  
  55  9:26  Hellbat  
  55  9:28  Hellbat  
  55  9:29  Hellbat  
  67  9:47  Hellbat  
  67  9:50  Terran Vehicle Weapons Level 2, Hellbat  
  71  9:53  Supply Depot  
  71  9:58  SCV x2  
  73  10:09  Siege Tank  
  73  10:10  SCV x2  
  78  10:15  Thor  
  84  10:22  SCV x2, Factory  
  84  10:24  Armory  
  86  10:35  Supply Depot  
  86  10:36  Supply Depot  
  86  10:48  SCV, Hellbat x2, Siege Tank  
  94  10:56  SCV, Liberator  
  98  10:58  Siege Tank  
  105  11:11  SCV, Hellbat x2  
  105  11:12  SCV  
  107  11:20  Siege Tank  
  110  12:30  Command Center  
  110  12:31  SCV x2, Hellbat x2  
  110  12:59  SCV x2  
  110  13:01  Hellbat  
  110  13:05  Hellbat  
  110  13:11  SCV x2  
  110  13:12  Siege Tank  
  107  13:13  Thor  
  96  13:42  Terran Vehicle And Ship Armor Level 1  
  96  13:44  Thor  
  108  14:03  Sensor Tower  
  108  14:07  Planetary Fortress  
  108  14:08  SCV x2  
  110  14:21  Siege Tank  
  113  14:26  Siege Tank  
  113  14:27  Siege Tank  
  113  14:30  Hellbat x2  
  117  14:33  Liberator  
  117  14:35  Supply Depot  
  120  14:40  Refinery, SCV  
  121  14:51  Hellbat x2  
  121  14:52  Command Center x2  
  125  14:54  Terran Vehicle Weapons Level 3  
  125  14:57  Siege Tank  
  125  14:58  Siege Tank  
  131  15:01  Refinery  
  131  15:26  Liberator  
  102  16:06  Siege Tank  
  102  16:07  Thor, Hellbat x2  
  102  16:08  Hellbat  
  117  16:29  Hellbat x2  
  117  16:30  Hellbat  
  123  16:38  Siege Tank  
  83  16:54  Hellbat x3  
  83  16:55  Hellbat  
  73  17:11  Hellbat  
  74  17:15  Hellbat, Siege Tank  
  74  17:16  Hellbat, Siege Tank  
  55  17:32  Siege Tank  
Show
View Real Time Build Order
Export as new Build Order

Throwfordays Protoss - Winner!

Build Orders: 1 Gate Expand 

Get SALT Encoding   

  12  0:00  Probe  
  13  0:13  Probe  
  14  0:21  Pylon  
  14  0:25  Probe  
  15  0:39  Probe  
  15  0:41  Gateway  
  16  0:48  Assimilator  
  16  0:51  Probe  
  17  1:03  Probe  
  18  1:15  Probe  
  19  1:27  Cybernetics Core  
  19  1:28  Probe  
  20  1:41  Nexus  
  20  1:43  Warp Gate  
  20  1:48  Pylon  
  20  1:55  Zealot  
  22  2:08  Gateway  
  22  2:22  Adept  
  22  2:25  Forge  
  24  2:34  Assimilator, Probe  
  25  2:46  Probe  
  26  2:58  Probe  
  27  3:00  Probe  
  27  3:03  Pylon  
  28  3:08  Probe  
  29  3:12  Probe  
  29  3:17  Assimilator  
  29  3:18  Probe  
  30  3:21  Probe  
  30  3:26  Assimilator  
  32  3:29  Probe  
  32  3:30  Probe  
  34  3:37  Probe  
  35  3:43  Probe  
  35  3:46  Probe  
  36  3:55  Probe  
  38  3:57  Gateway  
  38  3:58  Probe  
  38  4:02  Gateway  
  39  4:07  Probe  
  39  4:09  Robotics Facility  
  40  4:10  Probe  
  40  4:14  Robotics Facility  
  40  4:15  Probe  
  41  4:23  Probe  
  42  4:26  Probe  
  44  4:33  Probe  
  46  4:38  Probe  
  46  4:45  Stalker, Probe  
  49  4:46  Stalker  
  49  4:50  Probe  
  49  4:52  Stalker  
  54  5:02  Pylon  
  54  5:04  Pylon  
  54  5:06  Pylon  
  54  5:08  Protoss Ground Weapons Level 1  
  54  5:11  Pylon  
  54  5:20  Probe, Immortal  
  59  5:22  Immortal  
  63  5:30  Photon Cannon  
  63  5:36  Photon Cannon  
  63  5:42  Photon Cannon  
  58  5:44  Stalker  
  58  5:48  Probe  
  60  5:59  Photon Cannon  
  60  6:00  Probe  
  60  6:03  Photon Cannon  
  61  6:09  Photon Cannon  
  61  6:11  Probe  
  62  6:19  Probe  
  62  6:24  Immortal  
  67  6:27  Probe  
  67  6:30  Immortal  
  72  6:35  Stalker  
  74  6:40  Probe  
  75  6:47  Stalker  
  75  6:48  Stalker  
  75  6:50  Stalker  
  81  7:08  Pylon  
  85  7:15  Immortal  
  85  7:23  Pylon  
  85  7:27  Immortal  
  89  7:44  Pylon  
  83  8:05  Stalker x4  
  83  8:07  Gateway  
  83  8:11  Photon Cannon  
  83  8:12  Photon Cannon  
  71  8:39  Photon Cannon  
  67  8:42  Stalker x4  
  67  8:48  Immortal x2  
  77  9:13  Stalker  
  77  9:14  Robotics Facility, Robotics Bay  
  77  9:15  Stalker x2  
  77  9:16  Stalker x2  
  87  9:35  Pylon  
  87  9:42  Stalker x5  
  97  9:50  Twilight Council  
  97  10:02  Extended Thermal Lance  
  97  10:06  Nexus, Observer  
  98  10:08  Protoss Ground Weapons Level 2  
  98  10:12  Pylon  
  98  10:45  Probe  
  98  10:48  Probe  
  100  10:57  Stalker x4  
  100  10:58  Probe  
  100  10:59  Stalker  
  100  11:00  Probe  
  112  11:10  Probe  
  113  11:12  Probe  
  114  11:22  Probe  
  114  11:24  Probe  
  116  11:34  Probe  
  116  11:36  Probe  
  118  11:43  Shield Battery  
  118  11:45  Shield Battery  
  118  11:48  Shield Battery  
  118  11:57  Gateway  
  118  12:01  Shield Battery  
  118  12:03  Shield Battery  
  118  12:14  Stalker  
  118  12:15  Stalker x4  
  66  13:17  Stalker  
  66  13:18  Stalker x4  
  66  13:19  Stalker  
  70  13:22  Immortal  
  64  13:34  Immortal x2  
  72  13:41  Stalker x3  
  72  13:42  Stalker x3  
  84  14:01  Immortal  
  88  14:05  Protoss Ground Weapons Level 3  
  86  14:20  Stalker x2  
  86  14:21  Stalker x4  
  98  14:30  Blink  
  98  14:35  Immortal x2  
  106  14:56  Probe  
  107  15:01  Probe  
  107  15:02  Assimilator  
  107  15:04  Stalker x3  
  107  15:05  Assimilator, Stalker  
  107  15:06  Stalker x2  
  120  15:09  Probe  
  120  15:13  Probe  
  122  15:21  Probe  
  123  15:25  Probe  
  99  15:33  Probe  
  98  15:37  Probe  
  98  15:39  Stalker x6  
  95  15:45  Probe  
  64  15:50  Probe  
  56  16:20  Pylon  
  56  16:23  Pylon  
  53  16:26  Pylon  
  53  16:27  Stalker x4  
  57  16:41  Nexus  
  48  16:53  Stargate  
  48  16:54  Stargate  
  48  16:55  Stargate  
  48  16:58  Stargate  
  48  17:08  Probe  
  49  17:20  Probe  
  50  17:25  Assimilator  
  50  17:28  Probe  
  51  17:30  Assimilator  
  51  17:33  Probe  
  52  17:40  Probe  
  53  17:45  Probe  
  54  17:52  Probe  
  54  17:57  Probe  
  56  18:04  Probe  
Show
View Real Time Build Order
Export as new Build Order

Faust Zerg - Winner!

Build Orders: Pool First 

Get SALT Encoding   

  12  0:01  Drone  
  13  0:11  Drone  
  14  0:15  Extractor  
  14  0:16  Drone  
  15  0:24  Overlord  
  15  0:43  Drone x2  
  17  0:50  Spawning Pool  
  17  0:55  Drone  
  17  1:01  Drone  
  17  1:03  Extractor  
  17  1:17  Drone  
  18  1:28  Hatchery  
  17  1:37  Zergling x4  
  17  1:39  Zergling x2  
  20  1:46  Queen  
  22  1:55  Overlord  
  22  2:04  Overlord  
  22  2:09  Metabolic Boost  
  22  2:18  Drone  
  23  2:27  Drone  
  24  2:44  Zergling x6  
  24  2:46  Queen  
  24  2:50  Lair  
  27  2:53  Zergling x2  
  28  3:02  Zergling x4  
  29  3:14  Drone x4  
  33  3:28  Drone  
  33  3:29  Drone  
  35  3:49  Drone x4  
  35  3:50  Drone  
  40  4:09  Hatchery  
  39  4:14  Drone x2  
  39  4:15  Drone x3  
  44  4:21  Queen, Hydralisk Den  
  44  4:22  Spore Crawler  
  44  4:23  Extractor  
  42  4:38  Drone x2  
  43  4:40  Overlord x2  
  39  4:52  Spore Crawler  
  39  4:53  Drone x2  
  39  4:54  Drone  
  39  4:58  Drone x2  
  43  5:00  Roach Warren  
  42  5:11  Overseer  
  42  5:12  Pneumatized Carapace  
  42  5:18  Extractor, Drone x2  
  42  5:19  Extractor, Drone x2  
  42  5:20  Drone x3  
  47  5:30  Drone x6  
  47  5:33  Overlord x2  
  53  5:41  Queen  
  55  6:00  Spore Crawler, Drone x6  
  55  6:03  Spore Crawler  
  59  6:07  Muscular Augments, Glial Reconstitution  
  59  6:11  Infestation Pit  
  58  6:24  Evolution Chamber  
  58  6:25  Drone x10, Evolution Chamber  
  64  6:28  Overlord  
  64  6:30  Overlord  
  66  6:35  Overlord  
  66  6:50  Extractor  
  66  6:51  Extractor  
  64  6:59  Baneling Nest, Hive  
  64  7:00  Hatchery  
  64  7:01  Burrow  
  62  7:04  Drone x3  
  62  7:05  Lurker Den, Drone x3  
  62  7:07  Drone x3  
  71  7:08  Drone  
  71  7:10  Drone  
  71  7:11  Drone  
  73  7:27  Spore Crawler  
  72  7:30  Spore Crawler  
  72  7:33  Hydralisk x7  
  81  7:42  Spore Crawler  
  81  7:43  Drone x2  
  80  7:44  Drone x2  
  82  7:56  Hydralisk x5  
  78  8:09  Drone x4  
  78  8:12  Queen  
  84  8:16  Zerg Ground Armor Level 1, Zerg Missile Weapons Level 1  
  84  8:17  Tunneling Claws  
  84  8:22  Drone x3  
  87  8:29  Drone x2  
  87  8:31  Drone  
  90  8:37  Drone  
  90  8:40  Adaptive Talons, Adrenal Glands  
  91  8:46  Drone x3  
  91  8:47  Drone x2  
  96  8:54  Drone x4  
  92  8:55  Spine Crawler  
  81  9:09  Drone  
  84  9:18  Queen  
  84  9:19  Drone x8  
  84  9:24  Spire  
  91  9:26  Grooved Spines  
  86  9:38  Drone  
  86  9:39  Drone x2  
  86  9:42  Overlord  
  86  9:43  Overlord x3  
  86  9:44  Overlord  
  88  9:49  Hatchery  
  88  9:51  Drone  
  88  10:16  Zerg Missile Weapons Level 2, Ultralisk Cavern  
  88  10:17  Zerg Ground Armor Level 2  
  87  10:22  Evolution Chamber  
  86  10:31  Extractor x2  
  86  10:32  Drone x2  
  86  10:33  Drone x3  
  86  10:34  Drone x4  
  86  10:35  Drone x2  
  95  11:04  Spore Crawler  
  94  11:09  Ultralisk x2  
  94  11:10  Ultralisk x4  
  130  11:12  Zergling x8  
  130  11:13  Overlord x4  
  134  11:28  Spore Crawler  
  134  11:31  Spore Crawler, Drone x2  
  134  11:32  Spore Crawler, Drone x4  
  137  11:33  Drone x2  
  137  11:34  Drone  
  140  11:43  Zerg Melee Weapons Level 1  
  140  11:46  Chitinous Plating  
  140  12:08  Corruptor  
  140  12:09  Corruptor x11  
  164  12:15  Extractor  
  164  12:16  Extractor  
  162  12:24  Drone  
  162  13:05  Anabolic Synthesis  
  153  13:16  Zergling x2  
  153  13:17  Zergling x38  
  153  13:18  Zergling x10  
  124  13:30  Hydralisk  
  124  13:32  Hydralisk x16  
  124  13:33  Hydralisk x2  
  162  13:36  Queen, Drone  
  165  13:42  Drone  
  165  13:44  Overlord x4  
  165  13:45  Overlord x2  
  166  14:01  Zerg Melee Weapons Level 2, Zerg Missile Weapons Level 3, Zerg Ground Armor Level 3  
  165  14:31  Ultralisk x2  
  165  14:32  Ultralisk x3  
  195  15:17  Hatchery  
  155  15:54  Zergling x8  
  155  15:55  Zergling x30  
  133  16:06  Hydralisk  
  133  16:07  Hydralisk x8  
  133  16:08  Hydralisk x24  
  133  16:11  Zergling x2  
  188  16:51  Zergling x2  
  188  16:52  Zergling x30  
  162  17:07  Zergling x2  
  162  17:08  Zergling x20  
  171  17:15  Queen  
  161  17:26  Drone x3  
  161  17:27  Drone x4  
  164  17:36  Extractor  
  163  17:40  Extractor  
Tags
 
Add a new tag
Caveats
  • Supply blocks, unpowered buildings, or Contaminate may cause inaccurate times.
  • Supply counts are checked every 10 seconds.